 Dungeon Crawl Stone Soup version 0.17-a0-1718-g72dbe4d (webtiles) character file.

1035 urechis the Slasher (level 8, 0/63 HPs)
             Began as a Demonspawn Abyssal Knight on Aug 24, 2015.
             Was a Priest of Lugonu.
             Succumbed to a killer bee's poison
             ... on level 7 of the Dungeon.
             The game lasted 00:13:52 (6591 turns).

urechis the Slasher (Demonspawn Abyssal Knight)     Turns: 6591, Time: 00:13:53

Health: 0/63       AC:  4    Str: 14    XL:     8   Next: 3%
Magic:  5/18       EV: 11    Int: 14    God:    Lugonu [***...]
Gold:   322        SH:  0    Dex: 13    Spells: 3 memorised, 2 levels left

rFire  + . .     SeeInvis .     p - +3 falchion (venom)
rCold  . . .     Clarity  .     d - +1 leather armour {rF+}
rNeg   . . .     SustAt   +     (no shield)
rPois  .         Gourm    .     (no helmet)
rElec  .         Spirit   +     (no cloak)
rCorr  .         Warding  .     (no gloves)
rMut   .         Stasis   .     (no boots)
MR     .....                    (no amulet)
Stlth  +.........               a - ring of sustain attributes
                                j - ring of magical power

@: lethally poisoned (0 -> -27), not resistant to hostile enchantments, very
unstealthy
A: hooves 2, magic shield, magic regeneration
a: Depart the Abyss, Bend Space, Banish, Renounce Religion


You were on level 7 of the Dungeon.
You worshipped Lugonu.
Lugonu was most pleased with you.
You were hungry.

You visited 1 branch of the dungeon, and saw 7 of its levels.
You visited the Abyss 1 time.

You collected 322 gold pieces.

Inventory:

Hand weapons
 p - a +3 falchion of venom (weapon)
Armour
 d - a +1 leather armour of fire resistance (worn)
Jewellery
 a - a ring of sustain attributes (right hand)
 j - a ring of magical power (left hand)
Magical devices
 w - a wand of cold (6)
Scrolls
 b - 3 scrolls of vulnerability {unknown}
 g - a scroll of remove curse
 n - a scroll of enchant weapon {unknown}
 o - a scroll of teleportation {unknown}
 q - a scroll of magic mapping {unknown}
 r - a scroll of identify
 t - a scroll of enchant armour {unknown}
 v - a scroll of fear
Potions
 e - 2 potions of brilliance {unknown}
 f - 2 potions of berserk rage {unknown}
 l - 2 potions of poison {unknown}
 m - 2 potions of magic {unknown}
Books
 h - a book of Changes

   Spells                             Type                      Level
   a - Beastly Appendage              Transmutation                1
   b - Sticks to Snakes               Transmutation                2
   c - Spider Form                    Transmutation/Poison         3
   d - Ice Form                       Ice/Transmutation            4
   e - Blade Hands                    Transmutation                5
 i - a book of Spatial Translocations

   Spells                             Type                      Level
   a - Apportation                    Translocation                1
   b - Blink                          Translocation                2
   c - Shroud of Golubria             Charms/Translocation         2
   d - Portal Projectile              Translocation                3
   e - Teleport Other                 Translocation                3
   f - Passage of Golubria            Translocation                4
Comestibles
 c - 7 bread rations
 k - 3 meat rations


   Skills:
 * Level 5.5 Fighting
 + Level 7.6 Long Blades
 - Level 1.7 Armour
 - Level 0.8 Dodging
 - Level 2.4 Invocations


You had 2 spell levels left.
You knew the following spells:

 Your Spells              Type           Power        Failure   Level  Hunger
a - Apportation           Tloc           #.........   34%         1    ##.....
b - Blink                 Tloc           N/A          56%         2    ###....
c - Shroud of Golubria    Chrm/Tloc      #.........   56%         2    ###....


Dungeon Overview and Level Annotations

Branches:
Dungeon (7/15)             Temple (0/1) D:4

Altars:
Ashenzari
Dithmenos
Elyvilon
Gozag
Zin
The Shining One

Shops:
D:4 ?

Annotations:
D:6 Blork the orc


Innate Abilities, Weirdness & Mutations

You have hoof-like feet.
When hurt, damage is shared between your health and your magic reserves.
You regenerate magic rapidly.


Message History

* * * LOW HITPOINT WARNING * * *
You feel sick. The killer bee stings you.
* * * LOW HITPOINT WARNING * * *
You are more poisoned.
The killer bee poisons you! The killer bee stings you.
* * * LOW HITPOINT WARNING * * *
The killer bee stings you.
* * * LOW HITPOINT WARNING * * *
The killer bee stings you but does no damage.
You closely miss the killer bee.
The killer bee is severely wounded.
* * * LOW HITPOINT WARNING * * *
You feel sick. The killer bee stings you.
* * * LOW HITPOINT WARNING * * *
You are more poisoned.
The killer bee poisons you! The killer bee closely misses you.
The killer bee closely misses you.
You miss the killer bee.
The killer bee is severely wounded.
You die...

... ... #y# #†# ##.#
###..##########
##.............#
#......y.......##
#......y@.......##
#.................#
#..................##
..#.................###
.##....................
#....................
≈≈ #...[..............#
###≈
.................##
#.## ...............##
#..#


You could see 2 killer bees.

Vanquished Creatures
  Duvessa (D:6)
  An ice beast (D:7)
  A centaur (D:4)
  A giant frog (D:6)
  Dowan (D:6)
  2 killer bees (D:7)
  A crimson imp (D:1)
  2 jellies
  An iguana (D:4)
  Terence (D:2)
  5 worker ants
  2 killer bee zombies (D:5)
  8 gnolls
  7 adders
  A shadow imp (D:7)
  An ooze (D:1)
  2 worms
  3 giant geckos
  11 orcs
  5 giant cockroaches
  5 hobgoblins
  5 jackals
  4 kobolds
  5 quokkas
  A ball python (D:1)
  9 bats
  5 giant newts
  6 goblins
  A jackal skeleton (D:6)
  A quokka zombie (D:5)
  6 rats
105 creatures vanquished.

Notes
Turn   | Place    | Note
--------------------------------------------------------------
     0 | Abyss:1  | urechis the Demonspawn Abyssal Knight began the quest for the Orb.
     0 | Abyss:1  | Reached XP level 1. HP: 18/18 MP: 2/2
     2 | Abyss:1  | Found a corrupted altar of Lugonu.
    13 | D:1      | Escaped the Abyss
   132 | D:1      | Gained mutation: When hurt, damage is shared between your health and your magic reserves. [demonic ancestry]
   132 | D:1      | Reached XP level 2. HP: 8/24 MP: 3/3
   859 | D:2      | Reached XP level 3. HP: 15/29 MP: 2/4
  1055 | D:2      | Acquired Lugonu's second power
  1153 | D:2      | Noticed Terence
  1165 | D:2      | Killed Terence
  1165 | D:2      | Reached skill level 4 in Long Blades
  1165 | D:2      | Reached XP level 4. HP: 26/35 MP: 5/5
  1354 | D:2      | HP: 1/35 [worm (4)]
  2039 | D:3      | Found a glowing golden altar of the Shining One.
  2450 | D:3      | Gained mutation: You have large cloven feet. [demonic ancestry]
  2450 | D:3      | Reached XP level 5. HP: 31/41 MP: 6/6
  2987 | D:4      | Reached skill level 5 in Long Blades
  3069 | D:4      | Found a staircase to the Ecumenical Temple.
  3206 | D:4      | Noticed a centaur
  3215 | D:4      | HP: 2/41 [centaur (4)]
  3220 | D:4      | Killed a centaur
  3512 | D:4      | Gained mutation: You regenerate magic rapidly. [demonic ancestry]
  3512 | D:4      | Reached XP level 6. HP: 35/47 MP: 7/7
  3615 | D:4      | Found Anwiuntuw's Magic Scroll Shop.
  3673 | D:4      | Reached skill level 6 in Long Blades
  3764 | D:4      | Found a glowing silver altar of Zin.
  3793 | D:5      | Entered Level 5 of the Dungeon
  4264 | D:5      | Found a white marble altar of Elyvilon.
  4278 | D:5      | Acquired Lugonu's third power
  4280 | D:5      | Found a shattered altar of Ashenzari.
  4310 | D:5      | Found an opulent altar of Gozag.
  5044 | D:4      | Found a shadowy altar of Dithmenos.
  5224 | D:6      | Noticed Dowan
  5225 | D:6      | Noticed Blork the orc
  5225 | D:6      | Noticed Duvessa
  5227 | D:6      | Reached skill level 7 in Long Blades
  5339 | D:6      | Gained mutation: You have hoof-like feet. [demonic ancestry]
  5339 | D:6      | Reached XP level 7. HP: 9/52 MP: 7/8
  5985 | D:6      | Killed Duvessa
  5995 | D:6      | Killed Dowan
  6371 | D:7      | Reached skill level 5 in Fighting
  6396 | D:7      | Learned a level 1 spell: Apportation
  6399 | D:7      | Learned a level 2 spell: Blink
  6402 | D:7      | Learned a level 2 spell: Shroud of Golubria
  6584 | D:7      | Reached XP level 8. HP: 19/63 MP: 8/9
  6590 | D:7      | HP: 3/63 [poisoned by a killer bee]
  6591 | D:7      | Succumbed to a killer bee's poison

Vault maps used:
D:1:      evilmike_arrival_rings
D:2:      uniq_terence
D:3:      lemuel_coloured_pillars_altar
D:4:      nicolae_overflow_hidden_temple, minmay_temple_entry_glassed_door,
          serial_shops, shop
D:5:      lemuel_crystal_altar, lemuel_crystal_altar, first_bread,
          elyvilon_altar_4
D:6:      uniq_duvessa, uniq_blork_the_orc
D:7:      old_standard_altar, nemelex_xobeh_ov_fountains_minmay,
          kennysheep_opposing_triangles

Action                   |  1- 3 |  4- 6 |  7- 9 || total
-------------------------+-------+-------+-------++-------
Melee: Falchion          |   123 |   315 |    79 ||   517
Invok: Bend Space        |       |       |     1 ||     1
  Use: Scroll            |       |     7 |       ||     7
       Potion            |       |     5 |       ||     5
 Stab: Sleeping          |     1 |       |       ||     1
  Eat: Chunk             |     1 |    14 |     3 ||    18
